 Dungeon Crawl Stone Soup version 0.31-a0-875-g02e7d12df6 (webtiles) character file.

Game seed: 1498716200997037739

462 Danienth the Magician (level 6, -3/33 HPs)
             Began as a Spriggan Enchanter on Oct 12, 2023.
             Slain by an acid dragon (4 damage)
             ... on level 4 of the Dungeon.
             The game lasted 00:20:46 (5737 turns).

Danienth the Magician (Spriggan Enchanter)          Turns: 5737, Time: 00:20:46

Health: -3/33      AC: -2    Str:  7      XL:     6   Next: 79%
Magic:  14/14      EV: 17    Int: 18 (19) God:
Gold:   202        SH:  0    Dex: 15      Spells: 7/14 levels left

rFire   . . .        m - +10 mace of Jyskoxim {speed, Str+3}
rCold   . . .        (no shield)
rNeg    . . .        b - +0 robe
rPois   .            (helmet restricted)
rElec   .            (no cloak)
rCorr   .            (gloves unavailable)
SInv    +            (boots unavailable)
Will    +....        (no amulet)
Stlth   +++          (no ring)
HPRegen 0.25/turn    (no ring)
MPRegen 0.14/turn

%: no passive effects
@: corroded, very quick
A: very small, no large weapons, unfitting armour, see invisible, speed 3
a: no special abilities


You were on level 4 of the Dungeon.
You visited 1 branch of the dungeon, and saw 4 of its levels.

You collected 202 gold pieces.

Inventory:

Hand Weapons
 a - a +1 dagger
 e - the +0 whip of the Madman {heavy, rC- rN+++ Will++ MP+9}
   (You found it on level 3 of the Dungeon)

   rC-:       It makes you vulnerable to cold.
   rN+++:     It renders you almost immune to negative energy.
   Will++:    It greatly increases your willpower.
   MP+9:      It affects your magic capacity (+9).
 m - the +10 mace of Jyskoxim (weapon) {speed, Str+3}
   (You found it on level 2 of the Dungeon)

   Str+3:     It affects your strength (+3).
Missiles
 f - 2 boomerangs
 g - a throwing net
 o - 11 poisoned darts (quivered)
Armour
 b - a +0 robe (worn)
Jewellery
 s - a ring of flight
Scrolls
 d - 2 scrolls of blinking
 h - a scroll of revelation
 k - a scroll of amnesia
 p - a scroll of teleportation {unknown}
 q - a scroll of fog {unknown}
Potions
 c - a potion of invisibility
 i - 2 potions of curing {unknown}
 l - a potion of degeneration
 n - a potion of enlightenment {unknown}
 r - a potion of berserk rage {unknown}


   Skills:
 * Level 3.9 Fighting
 - Level 3.2 Short Blades
 - Level 1.6 Maces & Flails
 - Level 2.6 Dodging
 - Level 4.4 Stealth
 + Level 4.6 Spellcasting
 - Level 3.6 Hexes


You had 7 spell levels left.
You knew the following spells:

 Your Spells              Type           Power      Damage    Failure   Level
a - Ensorcelled Hibernat  Hex/Ice        20%        N/A       10%         2
b - Wereblood             Tmut           4%         N/A       22%         2
c - Confusing Touch       Hex            17%        N/A       10%         3

Your spell library contained the following spells:

 Spells                   Type           Power      Damage    Failure   Level
 Tukima's Dance           Hex            17%        N/A       10%         3
 Dazzling Flash           Conj/Hex       20%        N/A       21%         3
 Poisonous Vapours        Pois/Air       8%         N/A       22%         2
 Mephitic Cloud           Conj/Pois/Air  4%         N/A       38%         3
 Stone Arrow              Conj/Erth      8%         3d7       38%         3
 Petrify                  Tmut/Erth      4%         N/A       80%         4
 Freezing Cloud           Conj/Ice/Air   2%         6-21      98%         5
 Irradiate                Conj/Tmut      2%         3d12      98%         5
 Discord                  Hex            8%         N/A       100%        8


Dungeon Overview and Level Annotations

Branches:
Dungeon (4/15)
 Temple: D:4-7

Altars:
Elyvilon

Annotations:
D:4 Dowan, Duvessa


Innate Abilities, Weirdness & Mutations

You are very small and have problems with some larger weapons.
You are too small for most types of armour.
You have supernaturally acute eyesight. (SInv)
You cover ground extremely quickly. (Speed+++)


Message History

You climb downwards.
Level annotation: Dowan, Duvessa The gnoll closely misses you.
The gnoll misses you.
There is a stone staircase leading up here.
The gnoll hits you with a +0 whip.
You climb upwards.
There is a stone staircase leading down, spattered with blood here.
Things that are here:
a +0 short sword; a +0 club; a +0 short sword You sock the gnoll!
You kill the gnoll!
No target in view!
No target in view!
No target in view!
You climb downwards.
Level annotation: Dowan, Duvessa
There is a stone staircase leading up here.
Duvessa hits you with a +0 short sword.
You climb upwards.
There is a stone staircase leading down, spattered with blood here.
Things that are here:
a +0 short sword; a +0 club; a +0 short sword You start resting.
Magic restored.
Things that are here:
a +0 leather armour; a +0 club
There is a stone staircase leading down here.
You climb downwards.
Level annotation: Dowan, Duvessa The acid dragon roars!
The gnoll shouts! x2
The acid dragon spits acid at you. The splash of acid hits you!!
Ouch! That really hurt!
* * * LOW HITPOINT WARNING * * *
The acid corrodes you! The acid dragon misses you.
The acid dragon completely misses you. The gnoll hits you with a +0 broad axe!
* * * LOW HITPOINT WARNING * * *
There is a stone staircase leading up, spattered with blood here.
The acid dragon barely misses you. The acid dragon claws you.
You die...

#.....ee)#
#####....# ##...##
.>.... # #####....#.
#.#...#.####.o
#.#.#.#.# ...
#.Dg#.#.####....
#@............
.......#............
.....g.'.........###
.......###.......#
....... ##+##.###
.#....g $.. .......
...! ..[.!.. ...$


You could see an acid dragon (catching breath) and 3 gnolls.

Vanquished Creatures
  An ogre (D:4)
  An orc priest (D:3)
  An iguana (D:4)
  A gnoll bouda (D:3)
  An orc wizard (D:3)
  6 adders
  13 gnolls
  5 dart slugs
  8 orcs (D:3)
  3 bats
  7 endoplasms
  2 giant cockroaches
  10 goblins
  4 hobgoblins
  2 jackals (D:1)
  A quokka (D:1)
  7 ball pythons
  5 kobolds
  8 rats
86 creatures vanquished.

Vanquished Creatures (others)
  An orc (D:3)
1 creature vanquished.

Grand Total: 87 creatures vanquished

Notes
Turn   | Place    | Note
-------+----------+-------------------------------------------
     0 | D:1      | Danienth the Spriggan Enchanter began the quest for the
                  | Orb.
     0 | D:1      | Reached XP level 1. HP: 9/9 MP: 5/5
   118 | D:1      | Got an inconspicuous book
   309 | D:1      | Reached XP level 2. HP: 9/13 MP: 6/6
   589 | D:1      | You fall into a shaft and drop 1 floor!
   943 | D:2      | Identified the +10 mace of Jyskoxim {speed, Str+3}
   951 | D:2      | Reached XP level 3. HP: 12/16 MP: 8/8
  1047 | D:2      | Learned a level 2 spell: Ensorcelled Hibernation
  1768 | D:1      | Reached skill level 1 in Maces & Flails
  2624 | D:2      | Reached XP level 4. HP: 21/21 MP: 2/9
  3025 | D:2      | Reached skill level 1 in Fighting
  3257 | D:3      | Found a white marble altar of Elyvilon.
  3328 | D:3      | Learned a level 2 spell: Wereblood
  3332 | D:3      | Learned a level 3 spell: Confusing Touch
  3359 | D:3      | Identified the +0 whip of the Madman {heavy, rC- rN+++
                  | Will++ MP+9}
  3402 | D:3      | Reached XP level 5. HP: 16/26 MP: 4/10
  4501 | D:3      | Reached XP level 6. HP: 28/32 MP: 12/12
  4776 | D:4      | Noticed a water moccasin
  5008 | D:4      | Noticed Duvessa
  5009 | D:4      | Noticed an acid dragon
  5037 | D:4      | Noticed Dowan
  5736 | D:4      | HP: 1/33 [gnoll/+0 broad axe[a gnoll bouda] (8)]
  5737 | D:4      | Slain by an acid dragon

Illustrated notes

Levels and vault maps discovered:
D:1:      nicolae_arrival_somewhat_less_tricky_arrival, layout_basic,
          chequers_serial_rivers_small_a
D:2:      layout_basic
D:3:      wad_river_or_something, layout_loops_ring,
          mainiacjoe_overflow_concentric_impassable,
          nicolae_overflow_hidden_temple, kennysheep_generic_room_3
D:4:      layout_basic, nicolae_ashenzari_skybound, uniq_duvessa

Skill      XL: |  1  2  3  4  5  6 |
---------------+-------------------+-----
Short Blades   | 2 3 |  3.2
Maces & Flails | 1 |  1.6
Fighting       | 1 2 3 |  3.9
Spellcasting   | 3 4 |  4.6
Dodging        | |  2.6
Stealth        | |  4.4
Hexes          | |  3.6

Action                     |  1- 3 |  4- 6 || total
---------------------------+-------+-------++-------
  Melee: Dagger            |    45 |       ||    45
         Mace              |    35 |   116 ||   151
  Throw: Dart              |       |     9 ||     9
   Cast: Ensorcelled Hiber |     9 |    31 ||    40
    Use: Scroll            |     4 |     3 ||     7
         Potion            |       |     3 ||     3
   Stab: Sleeping          |    11 |    24 ||    35
         Invisible         |       |     3 ||     3
 Armour: Robe              |    33 |    39 ||    72
  Dodge: Dodged            |    34 |    82 ||   116

Table legend: (Time is in decaauts)
 A = Elapsed time spent in this place.
 B = Non-inter-level travel time spent in this place.
 C = Inter-level travel time spent in this place.
 D = Time resting spent in this place.
 E = Time spent auto-exploring this place.
 F = Levels seen in this place.
 G = Mean time per level.
                   A        B        C        D        E       F      G
               +--------+--------+--------+--------+--------+-----+--------+
         Total |   4351 |   4010 |    341 |   1529 |   1778 |   4 | 1087.8 |
       Dungeon |   4351 |   4010 |    341 |   1529 |   1778 |   4 | 1087.8 |
               +--------+--------+--------+--------+--------+-----+--------+

Top non-repeatable levels by time:
     D:3: 1807 daAuts
     D:2: 1448 daAuts
     D:1: 976 daAuts
     D:4: 119 daAuts
